[Event "German Bundesliga 2021-22"]
[Site "Germany"]
[Date "2022.04.09"]
[Round "3.12"]
[White "Alonso Rosell, Alvar"]
[Black "Amin, Bassem"]
[Result "0-1"]
[ECO "A65"]
[WhiteElo "2570"]
[BlackElo "2682"]
[Annotator "TA"]
[PlyCount "94"]
[EventDate "2022.03.05"]
[EventType "team-tourn"]
[EventCountry "GER"]
[SourceTitle "playchess.com"]
[Source "ChessBase"]
[SourceQuality "1"]
[TimeControl "40/5400+30:1800+30"]

1. d4 Nf6 2. c4 g6 3. Nc3 Bg7 4. e4 d6 5. h3 O-O 6. Bg5 c5 7. d5 e6 8. Nf3 exd5 9. cxd5 Re8 10. Bd3 c4 11. Bc2 b5 {[%emt 0:01:51] A65: Modern Benoni: 6 e4.} 12. O-O b4 13. Nb5 Ba6 {[%emt 0:09:13] The position is equal.} 14. Ba4 Rxe4 15. Nd2 Re5 16. Bxf6 ({Of course not} 16. Nf3 Rf5 17. g4 {[#]} Rxg5 $1 18. Nxg5 h6 $17) 16... Bxf6 ({Don't take} 16... Qxf6 17. Nxc4 Re7 18. Nbxd6 $14) 17. Nxc4 {[%emt 0:00:00] [#]} Bxb5 $146 (17... Nd7 $1 $11) ({Predecessor:} 17... Nd7 18. Nbxd6 Nb6 19. Nxf7 Kxf7 20. Nxe5+ Bxe5 21. Re1 Qd6 22. Bc6 Rf8 23. a3 b3 24. Qxb3 {½-½ (49) Susla,V (2348)-Wernikiewicz,Z (2347) LSS email 2018}) 18. Bxb5 $14 Re7 19. Qa4 (19. Qb3 $14 {should be considered.}) 19... a6 $11 20. Bc6 Nxc6 21. dxc6 d5 22. Rad1 Re6 23. Rd3 a5 24. Qb5 d4 25. a3 Qe8 (25... bxa3 $15 26. Rxa3 Rb8) 26. axb4 ({But not} 26. Nxa5 Re5 27. Qc4 Rexa5 $17) 26... axb4 27. Qxb4 Qxc6 {[%emt 0:00:38] [#] Strongly threatening ...Ra4.} 28. Nd2 Qc2 29. Qb3 Qc7 30. Nf3 Rb6 31. Qd1 Rxb2 32. Nxd4 Raa2 33. Nf3 {[%emt 0:01:14] Inhibits Bh4.} Qf4 34. Rd7 Qf5 35. Qd5 Qxd5 36. Rxd5 h6 37. g3 Bc3 38. Rd3 Bb4 39. Ne5 Re2 40. Rd8+ Kg7 41. Rd5 Ba5 42. Nc4 $2 {[%emt 0:00:00] This move loses the game for White.} (42. Rb5 $11 {and White stays safe.}) 42... Be1 $19 43. Ne5 $2 (43. Kg2) 43... Bxf2+ 44. Kh1 h5 45. g4 (45. Nf3 $142) 45... Bb6 46. Nf3 {[%emt 0:00:00] Against Rh2+} hxg4 47. hxg4 Ra8 {[%emt 0:00:00] Weighted Error Value: White=0.33/Black=0.15 (very precise)} 0-1

[Event "German Bundesliga 2021-22"]
[Site "Germany"]
[Date "2022.04.09"]
[Round "3.12"]
[White "Vogel, Roven"]
[Black "Dardha, Daniel"]
[Result "1/2-1/2"]
[ECO "D41"]
[WhiteElo "2452"]
[BlackElo "2541"]
[Annotator "RC"]
[PlyCount "64"]
[EventDate "2022.03.05"]
[EventType "team-tourn"]
[EventCountry "GER"]
[SourceTitle "playchess.com"]
[Source "ChessBase"]
[SourceQuality "1"]
[TimeControl "40/5400+30:1800+30"]

1. d4 Nf6 2. c4 e6 3. Nf3 d5 4. Nc3 c5 5. cxd5 cxd4 6. Qxd4 exd5 7. e4 dxe4 8. Qxd8+ Kxd8 9. Ng5 Be6 10. Nxe6+ fxe6 11. Bg5 Nc6 12. Bb5 Rc8 13. O-O Ke8 14. Rad1 Be7 15. Rfe1 Kf7 16. Nxe4 Nxe4 17. Bxe7 Kxe7 18. Rxe4 Rhd8 19. Rde1 Nd4 20. Bd3 h6 21. h4 g5 22. hxg5 hxg5 23. f4 gxf4 24. Rxf4 Nc2 25. Bxc2 Rxc2 26. Rfe4 Rdd2 27. Rxe6+ Kf7 28. Re7+ Kf6 29. R1e6+ Kf5 30. Re5+ Kf6 31. R5e6+ Kf5 32. Re5+ Kf6 1/2-1/2

[Event "German Bundesliga 2021-22"]
[Site "Germany"]
[Date "2022.04.09"]
[Round "3.12"]
[White "Stark, Lars"]
[Black "Heimann, Andreas"]
[Result "0-1"]
[ECO "D38"]
[WhiteElo "2386"]
[BlackElo "2581"]
[Annotator "TA"]
[PlyCount "121"]
[EventDate "2022.03.05"]
[EventType "team-tourn"]
[EventCountry "GER"]
[SourceTitle "playchess.com"]
[Source "ChessBase"]
[SourceQuality "1"]
[TimeControl "40/5400+30:1800+30"]

1. c4 Nf6 2. Nc3 e6 3. Nf3 d5 4. d4 Bb4 5. e3 O-O 6. Bd2 c5 7. a3 Bxc3 8. Bxc3 Ne4 {[%emt 0:00:06] E51: Nimzo-Indian: Rubinstein: 4...0-0 5 Nf3 d5.} 9. Rc1 Nxc3 10. Rxc3 cxd4 {[%emt 0:00:09] White is slightly better.} 11. Qxd4 Nc6 12. Qc5 Ne7 {[%emt 0:23:05] [#]} 13. Be2 $146 ({Predecessor:} 13. Qd4 b6 14. Bd3 Bb7 15. Qg4 h6 16. O-O dxc4 17. Bxc4 Nd5 18. Rd3 Qf6 19. Qd4 Rac8 20. Rfd1 Qxd4 {½-½ (20) Sterck,A (2316)-Hamblok,R (2261) Roux 2019}) 13... b6 14. Qd4 Bb7 15. O-O dxc4 16. Rxc4 Ba6 {[%emt 0:01:04] And now ...Qxd4 would win.} 17. Rc2 Bxe2 18. Rxe2 Qc7 19. Qa4 Rac8 20. Rd2 Rfd8 {[%emt 0:00:50] Against Rd7} 21. Rxd8+ Rxd8 22. h3 Qd7 23. Qxd7 Rxd7 $11 {[%emt 0:00:07][%mdl 4096] Endgame KRN-KRN} 24. Rc1 f6 25. Kf1 Kf7 26. Ke2 e5 27. Nd2 Ke6 28. Ne4 h6 29. Rd1 Rxd1 30. Kxd1 {[%emt 0:00:05] KN-KN} f5 31. Nc3 e4 32. Nb5 Nc6 33. Kd2 g5 34. Kc3 Ke5 35. Kc4 f4 36. g3 f3 37. b4 a6 38. Nc3 {[%emt 0:00:22] Black must now prevent b5.} Ne7 39. a4 Nf5 40. Nd1 (40. Nb1 $1 $11 {and White stays safe.}) 40... h5 $19 41. g4 $2 (41. a5 Nd6+ 42. Kb3) 41... Nd6+ 42. Kb3 h4 (42... hxg4 $1 $19 43. hxg4 Ne8) 43. Nc3 $11 Ne8 {[%emt 0:00:00] Strongly threatening ...Nf6.} 44. Nb1 Nf6 {[%emt 0:00:00][%cal Of6g4] Hoping for ...Nxg4!} 45. Nd2 $1 Kd5 46. b5 axb5 (46... a5 $5 47. Kc3 Kc5 48. Nb3+ Kd5 $11) 47. axb5 Nd7 48. Nc4 $2 {[%emt 0:03:20][%mdl 8192] [#]} (48. Kb2 $11) 48... Nc5+ $1 $19 49. Kc3 {[%emt 0:00:07] [#]} Nd3 $1 50. Nxb6+ Kc5 51. Nc4 Nxf2 52. b6 Kc6 53. Kd4 Nxh3 {[%emt 0:05:54] Black mates.} 54. Kxe4 f2 55. Nd2 Ng1 56. Nf1 h3 57. Kd3 Nf3 58. Ke2 {[%emt 0:00:05] [#]} h2 $1 59. Nxh2 (59. Ng3 Nd2) 59... Nxh2 60. Kxf2 Nxg4+ 61. Ke2 {Weighted Error Value: White=0.54/Black=0.14 (very precise)} 0-1

[Event "German Bundesliga 2021-22"]
[Site "Germany"]
[Date "2022.04.09"]
[Round "3.13"]
[White "Fedorchuk, Sergey A."]
[Black "Georgiadis, Nico"]
[Result "1/2-1/2"]
[ECO "C54"]
[WhiteElo "2605"]
[BlackElo "2562"]
[Annotator "TA"]
[PlyCount "95"]
[EventDate "2022.03.05"]
[EventType "team-tourn"]
[EventCountry "GER"]
[SourceTitle "playchess.com"]
[Source "ChessBase"]
[SourceQuality "1"]
[TimeControl "40/5400+30:1800+30"]

1. e4 e5 2. Nf3 Nc6 3. Bc4 Bc5 4. d3 Nf6 5. O-O d6 6. c3 O-O 7. Re1 a5 {[%emt 0:00:00] C54: Giuoco Piano: 4 c3 Nf6, main lines with 5 d4 and 5 d3.} 8. h3 Be6 9. Bb5 Ba7 10. Nbd2 Ne7 11. Nf1 Ng6 12. Ng3 c6 13. Ba4 d5 14. exd5 (14. Bb3 {is more complex.} Re8 15. Bg5 h6 16. Bxf6 Qxf6 17. d4) 14... Nxd5 ({But not} 14... Qxd5 15. Bb3 Qd6 16. Bxe6 fxe6 17. Bg5 $14) 15. d4 exd4 16. Nxd4 Bxd4 17. Qxd4 Ndf4 {[%emt 0:00:51] [#] Inhibits Nh5.} 18. Re4 $146 ({Predecessor:} 18. Qxd8 Rfxd8 19. Bc2 Nd3 20. Bxd3 Rxd3 21. Be3 Rd7 22. Ne4 Bd5 23. Nc5 Re7 24. b3 {½-½ (33) Mamedov,R (2673)-Ganguly,S (2617) Riga 2021}) 18... Nd3 19. Bb3 Qxd4 20. Rxd4 Rfd8 21. Rxd8+ Rxd8 22. Bg5 Re8 23. Bxe6 Rxe6 24. Rd1 h6 25. Rxd3 hxg5 $11 {[%emt 0:00:05][%mdl 4096] Endgame KRN-KRN} 26. Rd8+ Kh7 27. Kf1 {[%emt 0:00:31] Against Re1+} b5 28. Nf5 Ne5 29. b3 g4 30. hxg4 Nxg4 31. Rd6 (31. Nd4 $5 Rf6 32. f3 $11) 31... Rxd6 ({Black should try} 31... Re5 $1 $14 32. Ng3 Re6) 32. Nxd6 $14 {[%emt 0:00:02] KN-KN} Kg6 33. c4 b4 (33... Kf6 $16 {was called for.}) 34. Nb7 $18 Kf5 35. Nxa5 Ne5 36. Ke2 Ke4 37. Nb7 $1 Kd4 {[%emt 0:00:32] [#]} 38. Kd2 $1 g6 $2 {[%emt 0:01:32] [#]} (38... g5 $16) 39. Nd6 $2 (39. f3 $1 $18 f6 40. Nd8) 39... f5 $14 40. Nc8 (40. Nb7 $14) 40... f4 $11 {[%emt 0:00:29] The position is equal.} 41. Nd6 f3 42. gxf3 Nxf3+ 43. Ke2 Ng1+ 44. Kf1 Nf3 45. Ke2 Ng1+ 46. Kd2 Nf3+ 47. Kc2 Ne1+ 48. Kd2 {[%emt 0:00:00] Black escapes into a draw.  Weighted Error Value: White=0.16 (very precise) /Black=0.11 (very precise)} 1/2-1/2

[Event "German Bundesliga 2021-22"]
[Site "Germany"]
[Date "2022.04.09"]
[Round "3.13"]
[White "Zilka, Stepan"]
[Black "Coenen, Michael"]
[Result "1-0"]
[ECO "B48"]
[WhiteElo "2599"]
[BlackElo "2326"]
[Annotator "TA"]
[PlyCount "76"]
[EventDate "2022.03.05"]
[EventType "team-tourn"]
[EventCountry "GER"]
[SourceTitle "playchess.com"]
[Source "ChessBase"]
[SourceQuality "1"]
[TimeControl "40/5400+30:1800+30"]

1. e4 c5 2. Nf3 e6 3. d4 cxd4 4. Nxd4 Nc6 5. Nc3 Qc7 6. Be3 a6 7. a3 Nf6 8. f4 d6 9. Qf3 Be7 10. Bd3 O-O 11. O-O Nxd4 {[%emt 0:03:16] B48: Sicilian: Taimanov: 5 Nc3 Qc7 6 Be3 a6 without Be2.} 12. Bxd4 e5 13. fxe5 $5 {[%emt 0:03:50][%mdl 4] An interesting side line.} dxe5 {[%emt 0:00:05] The position is equal.} 14. Qg3 Bc5 15. Bxc5 Qxc5+ 16. Kh1 Qe7 {[%emt 0:16:20] [#]} 17. Nd5 $146 ({Predecessor:} 17. Rae1 Bd7 18. Re3 Be6 19. Ree1 Nd7 20. Nd5 Bxd5 21. exd5 Rac8 22. Bf5 g6 23. c3 {½-½ (41) Campos Jimenez,A (2373)-Morales Romero,P (2323) Mayabeque 2019}) 17... Nxd5 18. exd5 Bd7 19. Rae1 Rae8 20. c4 a5 21. b4 axb4 22. axb4 b6 {[%emt 0:11:14] Against c5} (22... f5 23. c5 $16) 23. Qe3 Qxb4 24. Rb1 (24. Qe4 f5 25. Qh4 e4 $17) 24... Qc5 25. Rfe1 $40 {[%emt 0:00:06][%mdl 128] White attacks.} (25. Qe4 f5 26. Qe1 e4 $17) 25... e4 26. Qxc5 (26. Bxe4 $2 Qxe3 27. Rxe3 f5 $19) 26... bxc5 27. Rxe4 Rxe4 28. Bxe4 $11 {[%emt 0:00:05][%mdl 4096] Endgame KRB-KRB} Re8 29. Bd3 Kf8 30. Kg1 (30. Bxh7 g6 31. Kg1 Re4 $19) 30... Re3 31. Rb3 ({But not} 31. Bxh7 g6 32. Rb7 Bf5 $15) 31... Re1+ 32. Kf2 Rc1 {[%emt 0:00:04] [#]} (32... Re5 $11) 33. Rb7 $1 $18 Ke8 {[%emt 0:04:57] [#]} 34. Rc7 ({Weaker is} 34. Bxh7 Rxc4 35. Bg8 Ke7 $11) (34. d6 $1 $18 {Threatening mate with Rb8+.} f5 35. Rc7) 34... Rc3 35. Be2 {[%emt 0:01:14] &Bianco is more active.} ({Of course not} 35. Bxh7 $6 Rxc4 36. Ke3 Rh4 $11) 35... Ra3 36. Rxc5 {[%emt 0:01:12] Strongly threatening Rc7.} Ke7 $2 (36... Ra2 $16 {was worth a try.}) 37. Rc7 Kd6 38. Rb7 {[%emt 0:00:02][%cal Oc4c5] Hoping for c5+!} f5 $2 {[%emt 0:01:03] Weighted Error Value: White=0.05 (flawless) /Black=0.23 (precise)} (38... Be8 39. Rb8 Bd7) 1-0

[Event "German Bundesliga 2021-22"]
[Site "Germany"]
[Date "2022.04.09"]
[Round "3.13"]
[White "Novikov, Igor"]
[Black "Boensch, Uwe"]
[Result "1-0"]
[ECO "D37"]
[WhiteElo "2551"]
[BlackElo "2494"]
[Annotator "RC"]
[PlyCount "123"]
[EventDate "2022.03.05"]
[EventType "team-tourn"]
[EventCountry "GER"]
[SourceTitle "playchess.com"]
[Source "ChessBase"]
[SourceQuality "1"]
[TimeControl "40/5400+30:1800+30"]

1. d4 Nf6 2. c4 e6 3. Nf3 d5 4. Nc3 h6 5. Bf4 c5 6. e3 cxd4 7. exd4 Nc6 8. a3 a6 9. c5 g5 10. Bg3 Ne4 11. Ne5 Nxg3 12. Nxc6 bxc6 13. hxg3 Bg7 14. Qd2 e5 15. dxe5 Bxe5 16. O-O-O Qf6 17. Na4 O-O 18. Bd3 Bg4 19. Rdf1 Kg7 20. f3 Be6 21. f4 Bd4 22. Rh5 g4 23. f5 Bd7 24. Rf4 Rh8 25. Rxg4+ Kf8 26. Bc2 Be5 27. Rgh4 Rb8 28. Nb6 Bxb2+ 29. Kd1 Ke7 30. Rxh6 Rxh6 31. Rxh6 Qg7 32. Qf4 Qd4+ 33. Qxd4 Bxd4 34. Nxd7 Kxd7 35. Rd6+ Ke7 36. Rxc6 Rg8 37. Bb3 Rxg3 38. Bxd5 Rxa3 39. Rc7+ Kf6 40. c6 Kxf5 41. Rxf7+ Kg6 42. Kd2 Ra5 43. Rd7 Be5 44. Kd3 Rc5 45. Ke4 Bg3 46. Rd8 Kf6 47. Rg8 Be1 48. g4 Bh4 49. Rf8+ Kg7 50. Rf3 Bf6 51. Rf5 a5 52. g5 Bc3 53. Rf7+ Kg6 54. Rd7 a4 55. c7 a3 56. Bf7+ Kg7 57. Bd5+ Kg6 58. Kf4 Bd2+ 59. Kg4 Bxg5 60. Rd6+ Bf6 61. Bc6 Rc4+ 62. Kf3 1-0

[Event "German Bundesliga 2021-22"]
[Site "Germany"]
[Date "2022.04.09"]
[Round "3.13"]
[White "Svane, Frederik"]
[Black "Baldauf, Marco"]
[Result "1-0"]
[ECO "B10"]
[WhiteElo "2496"]
[BlackElo "2522"]
[Annotator "TA"]
[PlyCount "135"]
[EventDate "2022.03.05"]
[EventType "team-tourn"]
[EventCountry "GER"]
[SourceTitle "playchess.com"]
[Source "ChessBase"]
[SourceQuality "1"]
[TimeControl "40/5400+30:1800+30"]

1. e4 c6 2. Nf3 d5 3. d3 g6 4. e5 Bg7 5. d4 f6 6. exf6 {[%emt 0:00:00] B10: Caro-Kann: 2 d3 and 2 c4.} (6. c4 {feels hotter.} fxe5 7. Nxe5 Nh6 8. Bxh6 Bxh6 9. cxd5 O-O 10. dxc6 Nxc6 11. Bc4+) 6... Nxf6 7. Be2 O-O 8. O-O {[%emt 0:00:00] The position is equal.} c5 9. dxc5 {[%emt 0:00:00] [#]} Qc7 $146 (9... Ne4 $11) ({Predecessor:} 9... Nc6 10. c3 e5 11. b4 Bg4 12. h3 Bxf3 13. Bxf3 e4 14. Be2 d4 15. cxd4 Qxd4 16. Qxd4 Nxd4 {0-1 (44) Lagarde,M (2640)-Navara,D (2691) Legnica 2021}) 10. c4 $16 dxc4 11. Qd4 (11. Bxc4+ Kh8 $14) 11... Ng4 12. Qxc4+ ({Worse is} 12. Bxc4+ Kh8 13. Qd5 b5 14. cxb6 axb6 $15) 12... Kh8 {[%emt 0:00:03][%cal Of8f3] Threatens to win with ...Rxf3!} 13. h3 Ne5 14. Nxe5 Qxe5 15. Nc3 Nc6 16. Bg4 Qd4 17. Be2 ({White should play} 17. Qxd4 $16 Bxd4 18. Bxc8 (18. Bh6 Rd8 $16) 18... Raxc8 19. Be3) 17... Qxc4 (17... Qe5 $1 $11 {keeps the balance.}) 18. Bxc4 Ne5 19. Be2 Be6 20. Bg5 Nc6 21. Be3 Nd4 22. Bd3 {[%emt 0:00:34] Inhibits Nc2.} Rac8 23. Rad1 Nf5 24. Bxf5 gxf5 25. Rfe1 Bxc3 26. bxc3 {[%emt 0:00:01] Hoping for Bd4+.} Kg8 27. Bd4 Kf7 28. Re5 Rg8 29. a3 Rc6 30. Kh2 h5 31. Rb1 Bc8 32. Rbe1 Be6 33. R1e3 Rg6 34. Re1 (34. a4 $16) 34... Ra6 (34... Rg8 $1 $11) 35. Rb1 $14 Bc8 36. Rb3 Rg8 37. Re3 (37. c6 $5 bxc6 38. Bc5 $14) 37... Rag6 38. g3 Ra6 39. Re5 (39. c6 $5 bxc6 40. Bc5 $14) 39... Rgg6 40. Kg2 Rgc6 41. Kf3 Rg6 42. Kf4 Rh6 (42... h4 $1 $11) 43. Kf3 Rhg6 $1 44. Be3 Rg8 45. Ke2 Ra4 46. Bd4 Rg6 47. Be3 Rg8 48. Kd2 Kf6 49. Bd4 Kf7 50. Kc2 Ra6 51. Kb2 Rc6 52. Rb4 Ra6 (52... h4 $14) 53. Be3 Kf6 54. Bd4 Kf7 $1 55. c6 $1 bxc6 56. Rb8 {[%emt 0:00:47] &Bianco is more active.} Rd8 57. Bc5 e6 {[%emt 0:00:03] [#]} (57... Re8 $16 {keeps fighting.} 58. c4 Ra4) 58. Kb3 $1 $18 Ke8 59. g4 hxg4 60. hxg4 fxg4 (60... Kd7 {was necessary.} 61. g5 (61. gxf5 Kc7 $16) 61... Kc7) 61. Rh5 {[%emt 0:00:54] White is clearly winning.} e5 62. Kb4 Kf7 63. Rh7+ {[%emt 0:00:50][%mdl 64] [#] Skewer} Ke6 64. Rc7 Rd2 65. Rbxc8 Rb2+ 66. Kc4 Ra4+ 67. Kd3 Kd5 68. Rxc6 {[%emt 0:01:10] Weighted Error Value: White=0.13 (very precise) /Black=0.22 (precise)} 1-0

[Event "German Bundesliga 2021-22"]
[Site "Germany"]
[Date "2022.04.09"]
[Round "3.14"]
[White "Jakubowski, Krzysztof"]
[Black "Heinemann, Thies"]
[Result "0-1"]
[ECO "B90"]
[WhiteElo "2475"]
[BlackElo "2495"]
[Annotator "TA"]
[PlyCount "80"]
[EventDate "2022.03.05"]
[EventType "team-tourn"]
[EventCountry "GER"]
[SourceTitle "playchess.com"]
[Source "ChessBase"]
[SourceQuality "1"]
[TimeControl "40/5400+30:1800+30"]

1. e4 c5 2. Nf3 d6 3. d4 cxd4 4. Nxd4 Nf6 5. Nc3 a6 6. Be3 e5 7. Nb3 Be6 8. h3 {[%emt 0:00:09] B90: Sicilian Najdorf: Unusual White 6th moves, 6 Be3 Ng4 and 6 Be3 e5.} Be7 9. Qf3 h5 {[%emt 0:00:00] 9...Nbd7 is the modern continuation.} (9... O-O $11) 10. O-O-O {[%emt 0:11:05][%cal Ob3c5] White is slightly better.} Nbd7 {[%emt 0:00:00] Against Nc5} 11. Kb1 Rc8 12. Nd5 Bxd5 13. exd5 Nb6 14. Bxb6 ({White should try} 14. c3 $14) 14... Qxb6 $11 15. Bd3 g6 16. g4 h4 {[%emt 0:04:57] [#]} 17. Rhf1 $146 ({Predecessor:} 17. g5 Nh5 18. Qg4 Qd8 19. Qxh4 Bxg5 20. Qg4 Nf4 21. h4 Rxh4 22. Rxh4 Bxh4 23. Na5 {½-½ (54) Nestorovic,L (2353)-Jesic,D (2322) Kragujevac 2018}) 17... O-O 18. Qg2 Nh7 19. Nd2 Ng5 20. Ne4 Nxe4 21. Qxe4 Bg5 {[%emt 0:01:11] Prevents f4.} 22. Qa4 Rc5 23. c4 Rfc8 24. Qb3 ({White should play} 24. Rde1 $15) 24... Qc7 $1 $17 25. a4 {[%emt 0:00:16] Prevents b5.} e4 26. Be2 Bf6 (26... Qa5 $19 {[%cal Ob7b5] Hoping for ...b5!} 27. Rd4 Re8) 27. g5 Bg7 {[%emt 0:01:30][%cal Ob7b5] ...b5! is the strong threat.} 28. Rd2 Re8 29. Rg1 Qa5 30. Rc2 Rec8 {[%emt 0:01:22][%cal Ob7b5] Threatens to win with ...b5!} 31. Qa3 Qb6 (31... Qd8 $17 {[%cal Ob7b5] Strongly threatening ...b5!} 32. Rg4 b5) 32. Rg4 $15 {[%emt 0:01:27][%csl LRe4,LRh4] [#]} Qd8 {[%emt 0:03:49] &Nero is more active.} (32... Re8 $1 $17) 33. Qe3 $11 b5 34. Rxe4 (34. Rxh4 $11 bxa4 35. Rxe4) 34... bxa4 $17 35. Bg4 Rb8 {[%emt 0:00:17] And now ...Rc7 would win.} 36. Re7 {[%emt 0:00:08] This costs White the game.} (36. Bd1 $17 {was necessary.}) 36... a3 $19 37. Bd7 $2 ({Not} 37. Rd7 $2 Qa5 38. Qxa3 Qe1+ 39. Rc1 Qe4+ 40. Rc2 Qe1+ 41. Rc1 Qxf2 42. Rd8+ Rxd8 $19) (37. b3 Rxb3+ 38. Qxb3 Qxe7 39. Ka2) 37... Qb6 $2 (37... Rxb2+ $2 38. Rxb2 axb2 39. Re8+ Qxe8 40. Qxe8+ $18) (37... axb2 {( -> ...Qa5)} 38. Re8+ Kh7 39. Rxd8 {[#]} Ra5 $1 ) 38. Be8 $2 (38. Re8+ $19 Rxe8 39. Bxe8 (39. Qxe8+ $2 {too greedy.} Kh7 $19)) 38... a2+ {[%emt 0:00:29] Black mates.} 39. Kxa2 Ra5+ 40. Kb1 {[%emt 0:00:07] [#]} Qxb2+ $1 {[%emt 0:00:12][%mdl 33344] Back Rank.  Weighted Error Value: White=0.55/Black=0.22 (precise) . Loss on time!?} 0-1

[Event "German Bundesliga 2021-22"]
[Site "Germany"]
[Date "2022.04.09"]
[Round "3.14"]
[White "Kurmann, Oliver"]
[Black "Braun, Arik"]
[Result "1-0"]
[ECO "B18"]
[WhiteElo "2462"]
[BlackElo "2587"]
[Annotator "TA"]
[PlyCount "85"]
[EventDate "2022.03.05"]
[EventType "team-tourn"]
[EventCountry "GER"]
[SourceTitle "playchess.com"]
[Source "ChessBase"]
[SourceQuality "1"]
[TimeControl "40/5400+30:1800+30"]

1. e4 c6 2. d4 d5 3. Nd2 dxe4 4. Nxe4 Bf5 5. Ng3 Bg6 6. Nh3 e6 7. Nf4 Qh4 8. Nge2 Be4 9. Ng3 Bg6 (9... Nf6 10. Nxe4 Nxe4 11. g3 $16) 10. Be3 {[%emt 0:21:52] B18: Classical Caro-Kann: 4...Bf5 sidelines.} Nf6 11. Qd2 Bd6 12. O-O-O {[%emt 0:01:09] White is slightly better.} Nbd7 13. f3 {[%emt 0:25:40] aiming for Nh3.} Bxf4 14. Bxf4 h6 {[%emt 0:00:18] [#] Inhibits Bg5.} 15. c4 $146 ({Predecessor:} 15. Ne2 Nd5 16. Bd6 N7b6 17. Bg3 Qg5 18. Nf4 Nxf4 19. Bxf4 Qd5 20. b3 a5 21. c4 Qd7 22. a4 O-O 23. Kb2 {1-0 (41) Milov,L (2472)-Hoeglauer,P (2114) Bad Wiessee 2015}) 15... b5 16. Bd6 ({Don't blunder} 16. cxb5 $2 cxb5 17. Ne4 Nxe4 18. fxe4 Bxe4 $19) 16... bxc4 17. Bxc4 Nb6 18. Ba6 Rd8 19. Ba3 Nbd5 20. Rhe1 Qxh2 21. Ne4 Qc7 22. b3 h5 23. Kb2 h4 24. Rc1 {[%emt 0:00:03][%cal Oa6b5] And now Bb5! would win.} Qb6 {[%emt 0:00:22] Inhibits Bb5.} 25. Bf1 {[%emt 0:03:37] This bishop pair is nice.} Nxe4 26. fxe4 Nf6 $2 {[%emt 0:00:09][%mdl 8192] [#]} (26... Ne7 $16) 27. Bc5 $2 (27. Rxc6 $1 $18 {[%mdl 512] is the precise move to win.} Qb7 (27... Qxc6 28. Qb4) 28. Qc2 Bxe4 29. Rxe4 Nxe4 30. Rc7) 27... Qc7 28. Bd3 {[%emt 0:00:59][%mdl 1024] White has strong compensation.} Nd7 29. Ba3 {[%emt 0:00:30][%cal Od3b5] &Bianco is more active.} Qb6 {[%emt 0:00:19] Inhibits Bb5.} (29... c5 $142) 30. Qc3 $1 $16 Rh5 {[%emt 0:01:33] Against d5} (30... a6 $16 31. d5 cxd5) 31. d5 $1 $18 Ne5 32. Be2 Rg5 33. dxc6 f6 $2 (33... Nxc6 34. Qxc6+ Qxc6 35. Rxc6 Bxe4) 34. c7 Rc8 35. Bf1 $40 {[%emt 0:00:39][%mdl 128] White is out for blood.} (35. Red1 $142 Bxe4 36. Rd8+ (36. Qd4 Qxd4+ 37. Rxd4 Bc6 $15) 36... Rxd8 37. cxd8=Q+ (37. c8=Q $2 Rxc8 38. Qxc8+ Kf7 $19) 37... Qxd8 38. Qb4) 35... Rg3 36. Qc2 {[%emt 0:00:52] [#] The board is on fire.} (36. Qd2 $1 $18 Kf7 37. Bc5 Qxc7 38. Bf2) 36... Qd4+ (36... Nd3+ $1 $11 {and Black is okay.} 37. Bxd3 Qd4+ 38. Kb1 Qxd3) 37. Kb1 {[%emt 0:00:07] Black must now prevent Ba6.} Re3 $2 (37... Qb6 38. Ka1 Bh5) 38. Rxe3 {[%emt 0:01:10] White is clearly winning.} Qxe3 39. Bb5+ $1 Kf7 {[%emt 0:00:30] [#]} 40. Ba6 $1 Bxe4 {[%emt 0:02:05] [#] ...Rxc7 is the strong threat.} 41. Bxc8 Bxc2+ 42. Rxc2 Qe1+ {[%emt 0:00:00] [#]} 43. Bc1 $1 {[%emt 0:00:00] Weighted Error Value: White=0.52/Black=0.40} 1-0

[Event "German Bundesliga 2021-22"]
[Site "Germany"]
[Date "2022.04.09"]
[Round "3.14"]
[White "Maiwald, Jens-Uwe"]
[Black "Zelbel, Patrick"]
[Result "1/2-1/2"]
[ECO "A26"]
[WhiteElo "2430"]
[BlackElo "2461"]
[Annotator "RC"]
[PlyCount "61"]
[EventDate "2022.03.05"]
[EventType "team-tourn"]
[EventCountry "GER"]
[SourceTitle "playchess.com"]
[Source "ChessBase"]
[SourceQuality "1"]
[TimeControl "40/5400+30:1800+30"]

1. Nf3 Nf6 2. g3 g6 3. Bg2 Bg7 4. O-O O-O 5. d3 d6 6. c4 e5 7. Nc3 Nc6 8. Bg5 h6 9. Bxf6 Bxf6 10. Rb1 a5 11. a3 Bg7 12. b4 axb4 13. axb4 Ne7 14. Qb3 Be6 15. Nd2 c6 16. b5 Qa5 17. Rfc1 d5 18. bxc6 bxc6 19. Qb4 Qxb4 20. Rxb4 Rfb8 21. Rxb8+ Rxb8 22. Na4 f5 23. cxd5 cxd5 24. Rc7 Kf7 25. e3 g5 26. Bf3 g4 27. Bd1 Rc8 28. Rxc8 Nxc8 29. Nc5 Bf8 30. Ndb3 Nb6 31. d4 1/2-1/2